 Dungeon Crawl Stone Soup version 0.30.0-5-g1a98f26d00 (webtiles) character file.

Game seed: 18199436559822940840

16839 monsoonserge the Basher (level 12, -11/105 HPs)
             Began as a Minotaur Fighter on May 9, 2023.
             Was a High Priest of Nemelex Xobeh.
             Mangled by a polar bear simulacrum (15 damage)
             ... in an ice cave.
             The game lasted 00:59:18 (11373 turns).

monsoonserge the Basher (Minotaur Fighter)         Turns: 11373, Time: 00:59:19

Health: -11/105    AC: 19    Str: 25    XL:     12   Next: 13%
Magic:  1/9        EV: 12    Int:  5    God:    Nemelex Xobeh [*****.]
Gold:   1294       SH: 14    Dex: 11    Spells: 11/11 levels left

rFire   . . .        E - +4 flail (antimagic)
rCold   . . .        Z - +0 kite shield
rNeg    . . .        M - +0 plate armour
rPois   .            (helmet restricted)
rElec   .            w - +0 cloak
rCorr   .            v - +0 pair of gloves
SInv    .            y - +0 pair of boots
Will    .....        s - amulet of reflection Stlth
                     q - ring of magical power
HPRegen 0.37/turn    U - +5 ring of evasion
MPRegen 0.11/turn

%: reflection
@: no status effects
A: horns 2, retaliatory headbutt
a: Renounce Religion, Draw Escape, Draw Destruction, Draw Summoning, Draw Stack,
Triple Draw, Deal Four, Stack Five


You were in an ice cave.
You worshipped Nemelex Xobeh.
Nemelex Xobeh was extremely pleased with you.
You visited 1 branch of the dungeon, and saw 12 of its levels.
You also visited: Bailey and Ice Cave.

You collected 1542 gold pieces.
You spent 248 gold pieces at shops.

Inventory:

Hand Weapons
 t - the +1 mace of Fate {holy, Will+ rCorr Int-2 SInv}
   (You bought it in a shop on level 2 of the Dungeon)

   Int:       It affects your intelligence (-2).
   SInv:      It lets you see invisible.
   rCorr:     It protects you from acid and corrosion.
   Will:      It increases your willpower.
 E - a +4 antimagic flail (weapon)
 I - a +0 arbalest
 L - a +4 battleaxe
 T - a +6 whip of electrocution
 W - a +2 demon trident of venom
Missiles
 e - 112 stones
 u - 23 poisoned darts
 R - 5 boomerangs (quivered)
 V - a throwing net
 X - 4 javelins
Armour
 b - the +0 leather armour of Momiffi {rElec Str+3}
   (You took it off a hobgoblin in a bailey)

   Str:       It affects your strength (+3).
   rElec:     It insulates you from electricity.
 v - a +0 pair of gloves (worn)
 w - a +0 cloak (worn)
 y - a +0 pair of boots (worn)
 B - an orb of wrath
 M - a +0 plate armour (worn)
 Z - a +0 kite shield (worn)
Jewellery
 c - a ring of ice
 q - a ring of magical power (left hand)
 s - an amulet of reflection (around neck)
 O - a ring of magical power
 U - a +5 ring of evasion (right hand)
Wands
 r - a wand of digging (4)
 F - a wand of light (5)
 Q - a wand of roots (9)
 S - a wand of flame (12)
Scrolls
 g - 7 scrolls of teleportation {unknown}
 h - 3 scrolls of enchant armour {unknown}
 i - 3 scrolls of enchant weapon {unknown}
 j - 5 scrolls of fear {unknown}
 k - 4 scrolls of poison {unknown}
 l - 2 scrolls of blinking {unknown}
 m - a scroll of vulnerability {unknown}
 n - 3 scrolls of amnesia {unknown}
 p - 2 scrolls of brand weapon {unknown}
 z - 7 scrolls of identify {unknown}
 C - a scroll of magic mapping {unknown}
 K - 4 scrolls of fog {unknown}
Potions
 a - 3 potions of lignification {unknown}
 d - 3 potions of might
 f - 2 potions of degeneration {unknown}
 o - 3 potions of heal wounds {unknown}
 x - 7 potions of curing
 A - 4 potions of flight {unknown}
 D - a potion of invisibility {unknown}
 G - 2 potions of haste {unknown}
 H - 3 potions of magic {unknown}
 J - a potion of attraction {unknown}
 N - 2 potions of cancellation {unknown}
 Y - a potion of berserk rage {unknown}


   Skills:
 + Level 9.6 Fighting
 + Level 6.5(10.5) Axes
 + Level 11.5(12.2) Maces & Flails
 + Level 5.5(7.0) Polearms
 + Level 3.5 Throwing
 + Level 10.3 Armour
 + Level 3.3 Dodging
 - Level 1.0 Stealth
 + Level 6.1 Shields
 * Level 9.3 Invocations
 - Level 3.0 Evocations


You had 11 spell levels left.
You didn't know any spells.
Your spell library contained the following spells:

 Spells                   Type           Power      Damage    Failure   Level
 Freeze                   Ice            0%         1d3       100%        1
 Poisonous Vapours        Pois/Air       0%         N/A       100%        2
 Sublimation of Blood     Necr           0%         N/A       100%        2
 Wereblood                Tmut           0%         N/A       100%        2
 Frozen Ramparts          Ice            0%         1d1       100%        3
 Hailstorm                Conj/Ice       0%         3d3       100%        3
 Mephitic Cloud           Conj/Pois/Air  0%         N/A       100%        3
 Anguish                  Hex/Necr       0%         N/A       100%        4
 Animate Dead             Necr           0%         N/A       100%        4
 Cause Fear               Hex            0%         N/A       100%        4
 Ice Form                 Ice/Tmut       0%         N/A       100%        4
 Manifold Assault         Tloc           0%         N/A       100%        4
 Borgnjor's Vile Clutch   Necr/Erth      0%         N/A       100%        5
 Freezing Cloud           Conj/Ice/Air   0%         6-21      100%        5
 Death Channel            Necr           0%         N/A       100%        6
 Dispersal                Tloc           0%         N/A       100%        6
 Simulacrum               Ice/Necr       0%         N/A       100%        6
 Enfeeble                 Hex            0%         N/A       100%        7
 Summon Hydra             Summ           0%         N/A       100%        7
 Disjunction              Tloc           0%         N/A       100%        8


Dungeon Overview and Level Annotations

Branches:
Dungeon (12/15)            Temple (0/1) D:7            Lair (0/5) D:8
    Orc (0/2) D:12         Bailey (visited)           IceCv (1/1)

Altars:
Ashenzari
Elyvilon
Gozag
Hepliaklqana
Makhleb
Nemelex Xobeh
Uskayaw
Vehumet
Xom
Yredelemnul
Zin
The Shining One

Shops:
D:1 :   D:2 (   D:10 *


Innate Abilities, Weirdness & Mutations

You have a pair of horns on your head.
You reflexively headbutt those who attack you in melee.


Message History

You hit the hellwing.
The hellwing is heavily wounded.
The hellwing hits you but does no damage.
You block the hellwing's attack.
The polar bear simulacrum barely misses you.
You block the polar bear simulacrum's attack.
The polar bear simulacrum misses you.
Press: ? - help, v - describe, . - travel
Here: a polar bear simulacrum (almost destroyed, dazed)
The floor.
You hit the hellwing but do no damage.
The hellwing is heavily wounded.
You block the hellwing's attack. x2; The polar bear simulacrum bites you.
* * * LOW HITPOINT WARNING * * *
The polar bear simulacrum freezes you!
* * * LOW HITPOINT WARNING * * *
You block the polar bear simulacrum's attack.
The polar bear simulacrum claws you but does no damage.
Okay, then.
You draw a card...
You have drawn Pain.
Press: ? - help, Shift-Dir - straight line, f/p - hellwing
Aim: a hellwing (heavily wounded, misshapen and mutated)
The bolt of negative energy hits the hellwing.
The hellwing completely resists.
The hellwing is heavily wounded.
The hellwing hits you.
* * * LOW HITPOINT WARNING * * *
You block the hellwing's attack.
You draw a card...
You have drawn Vitriol.
Press: ? - help, Shift-Dir - straight line, f/p - hellwing
Aim: a hellwing (heavily wounded, misshapen and mutated)
The bolt of acid hits the hellwing!!!
The acid corrodes the hellwing!
You kill the hellwing!
The polar bear simulacrum bites you.
* * * LOW HITPOINT WARNING * * *
The polar bear simulacrum freezes you!
You die...
Your body glows with a rainbow of weird colours and disappears.

#### ##..##
##....#
##..#..##
#.@.###.##
#Z.## #..#
#..## #..##
...##[..##..#
....
....#..##
#...# ...
##..# #...
#.. #..# #...
##.# ##..#
#..###...#


You could see a polar bear simulacrum (dazed).

Vanquished Creatures
  A two-headed ogre (D:9)
  Urug (D:10)
  An orc knight (Bailey)
  A cyclops (D:11)
  A black mamba (D:11)
  An ice statue (IceCv)
  A gargoyle (D:12)
  Psyche (D:8)
  An anaconda simulacrum (IceCv)
  3 ice devils (IceCv)
  A wind drake (D:11)
  A hellwing (IceCv)
  Grinder (D:3)
  A blink frog (D:10)
  A wraith (D:11)
  A shadow (D:9)
  2 vampires
  14 yaks
  3 vampire mosquitoes (D:12)
  3 death yak simulacra (IceCv)
  Menkaure (D:4)
  A hydra simulacrum (IceCv)
  2 water moccasins
  A sky beast (D:8)
  A black bear (D:8)
  8 orc warriors
  An ogre (D:7)
  A wolf (Bailey)
  3 centaurs
  2 phantoms (D:5)
  3 kobold brigands
  4 bullfrogs
  2 gnoll sergeants
  3 scorpions
  4 two-headed ogre simulacra
  8 killer bees
  9 howler monkeys
  4 electric eels
  3 orc priests
  3 hounds
  2 gnoll boudas
  2 sleepcaps
  4 iguanas
  9 orc wizards
  2 spriggan simulacra (IceCv)
  3 troll simulacra (D:12)
  2 wolf simulacra (IceCv)
  23 gnolls
  9 adders
  4 naga simulacra
  A shadow imp (D:6)
  6 white imps
  5 ufetubi
  2 worms
  2 dart slugs
  33 orcs
  9 endoplasms
  5 giant cockroaches
  22 goblins
  13 hobgoblins
  A jackal (Bailey)
  8 quokkas
  6 ball pythons
  9 bats
  2 frilled lizards
  15 kobolds
  5 rats
  A spectral hobgoblin (D:1)
309 creatures vanquished.

Vanquished Creatures (collateral kills)
  An orc warlord (Bailey)
  An entropy weaver (D:11)
  A two-headed ogre (D:8)
  An ugly thing (D:11)
  An ice statue (IceCv)
  An unseen horror (D:11)
  A kobold demonologist (D:12)
  A basilisk (D:12)
  An orc warrior (D:6)
  A killer bee (D:11)
  2 orc priests (D:6)
  2 orc wizards
  5 orcs (D:6)
  3 goblins (Bailey)
22 creatures vanquished.

Vanquished Creatures (others)
  An orc wizard (D:5)
  An orc (D:8)
2 creatures vanquished.

Grand Total: 333 creatures vanquished

Notes
Turn   | Place    | Note
-------+----------+-------------------------------------------
     0 | D:1      | monsoonserge the Minotaur Fighter began the quest for the
                  | Orb.
     0 | D:1      | Reached XP level 1. HP: 19/19 MP: 0/0
    78 | D:1      | Reached XP level 2. HP: 21/27 MP: 1/1
   101 | D:1      | Found a faded altar of an unknown god.
   157 | D:1      | Prayed at the altar of an unknown god.
   157 | D:1      | Became a worshipper of Nemelex Xobeh the Trickster
   157 | D:1      | Reached * piety under Nemelex Xobeh
   157 | D:1      | Received a gift from Nemelex Xobeh
   228 | D:1      | Found Tefimuut's Book Shop.
   839 | D:2      | Reached XP level 3. HP: 33/33 MP: 2/2
   929 | D:2      | Received a gift from Nemelex Xobeh
   986 | D:2      | Reached ** piety under Nemelex Xobeh
  1024 | D:2      | Found a radiant altar of Vehumet.
  1239 | D:2      | Found Omoem's Antique Weapon Boutique.
  1392 | D:3      | Reached skill level 1 in Invocations
  1498 | D:3      | Noticed Grinder
  1501 | D:3      | Paralysed by Grinder for 5 turns
  1501 | D:3      | Killed Grinder
  1502 | D:3      | Reached skill level 5 in Armour
  1502 | D:3      | Reached XP level 4. HP: 41/41 MP: 5/5
  1502 | D:3      | Reached XP level 5. HP: 47/47 MP: 6/6
  1603 | D:3      | Found a glowing golden altar of the Shining One.
  1605 | D:3      | Noticed an angel
  1625 | D:3      | Found a basalt altar of Yredelemnul.
  1627 | D:3      | Noticed a profane servitor
  1837 | D:2      | Bought a crystal mace for 248 gold pieces
  1837 | D:2      | Identified the +1 mace of Fate {holy, Will+ rCorr Int-2
                  | SInv} (You bought it in a shop on level 2 of the Dungeon)
  1939 | D:3      | Received a gift from Nemelex Xobeh
  2003 | D:3      | Reached *** piety under Nemelex Xobeh
  2160 | D:4      | Reached XP level 6. HP: 53/55 MP: 7/7
  2160 | D:4      | Noticed Menkaure
  2165 | D:4      | Killed Menkaure
  2166 | D:4      | Reached skill level 5 in Fighting
  2166 | D:4      | Reached skill level 1 in Dodging
  2495 | D:4      | Reached skill level 1 in Maces & Flails
  2555 | D:4      | Reached skill level 2 in Maces & Flails
  2681 | D:5      | Entered Level 5 of the Dungeon
  2753 | D:5      | Reached skill level 3 in Maces & Flails
  2753 | D:5      | Reached XP level 7. HP: 47/61 MP: 8/8
  2829 | D:5      | Found a hazy altar of Hepliaklqana.
  2907 | D:5      | Received a gift from Nemelex Xobeh
  3013 | D:5      | Reached skill level 4 in Maces & Flails
  3215 | D:5      | Found a broken altar of Ashenzari.
  3442 | D:5      | Reached **** piety under Nemelex Xobeh
  3498 | D:5      | Received a gift from Nemelex Xobeh
  3639 | D:5      | Reached skill level 5 in Maces & Flails
  3673 | D:5      | Reached XP level 8. HP: 66/70 MP: 10/10
  3841 | D:6      | Reached skill level 6 in Maces & Flails
  3909 | D:6      | Found a sparkling altar of Nemelex Xobeh.
  4156 | D:6      | You fall into a shaft and drop 1 floor!
  4157 | D:7      | Received a gift from Nemelex Xobeh
  4268 | D:7      | Reached skill level 1 in Evocations
  4319 | D:7      | Reached skill level 5 in Invocations
  4361 | D:7      | Found a flagged portal.
  4398 | D:7      | Received a gift from Nemelex Xobeh
  4536 | D:7      | Reached ***** piety under Nemelex Xobeh
  4562 | Bailey   | Entered a bailey
  4617 | Bailey   | Reached skill level 7 in Maces & Flails
  4663 | Bailey   | Noticed an orc warlord
  4670 | Bailey   | Reached XP level 9. HP: 78/78 MP: 11/11
  4672 | Bailey   | Reached skill level 1 in Throwing
  4689 | Bailey   | Killed an orc warlord
  4690 | Bailey   | Reached skill level 8 in Maces & Flails
  4947 | Bailey   | Identified the +0 leather armour of Momiffi {rElec Str+3}
  5039 | Bailey   | Noticed an orc knight
  5062 | Bailey   | Killed an orc knight
  5063 | Bailey   | Reached skill level 9 in Maces & Flails
  5787 | D:7      | Found a staircase to the Ecumenical Temple.
  5801 | D:7      | Reached XP level 10. HP: 68/86 MP: 13/13
  6042 | D:8      | Found a white marble altar of Elyvilon.
  6106 | D:8      | Found a staircase to the Lair.
  6113 | D:8      | Reached skill level 5 in Axes
  6200 | D:8      | Received a gift from Nemelex Xobeh
  6225 | D:8      | Noticed Psyche
  6240 | D:8      | Killed Psyche
  6495 | D:8      | Found a transporter.
  6502 | D:8      | Noticed a two-headed ogre
  6516 | D:8      | HP: 3/86 [two-headed ogre/+0 giant club (23)]
  6517 | D:8      | Killed a two-headed ogre
  6888 | D:8      | Found a transporter.
  7366 | D:9      | Reached skill level 10 in Maces & Flails
  7546 | D:9      | Received a gift from Nemelex Xobeh
  7580 | D:9      | Reached skill level 10 in Armour
  7658 | D:9      | Noticed a two-headed ogre
  7664 | D:9      | Killed a two-headed ogre
  7665 | D:9      | Reached XP level 11. HP: 74/94 MP: 11/15
  8145 | D:9      | Found a radiant altar of Vehumet.
  8149 | D:9      | Found a burning altar of Makhleb.
  8152 | D:9      | Found a hide-covered altar of Uskayaw.
  8210 | D:10     | Entered Level 10 of the Dungeon
  8211 | D:10     | Found a shimmering altar of Xom.
  8470 | D:10     | Noticed Urug
  8486 | D:10     | Killed Urug
  8487 | D:10     | Reached skill level 11 in Maces & Flails
  8587 | D:10     | Noticed Joseph
  8589 | D:10     | Received a gift from Nemelex Xobeh
  8724 | D:10     | Joseph changed into Joseph the blink frog
  8724 | D:10     | Noticed Joseph
  8734 | D:10     | Killed Joseph the blink frog
  8787 | D:10     | Reached skill level 1 in Polearms
  8867 | D:10     | Found Qezeireg's Neck Hole.
  8943 | D:10     | Found an opulent altar of Gozag.
  8943 | D:10     | Found a glowing silver altar of Zin.
  9382 | D:11     | Noticed a red ugly thing
  9391 | D:11     | Killed a red ugly thing
  9413 | D:11     | a yak changed into an entropy weaver
  9413 | D:11     | Noticed an entropy weaver
  9426 | D:11     | Reached skill level 5 in Shields
  9431 | D:11     | Killed an entropy weaver
  9890 | D:11     | Reached skill level 5 in Polearms
  9897 | D:12     | Reached skill level 1 in Stealth
  9930 | D:12     | Found a staircase to the Orcish Mines.
 10033 | D:12     | Found a frozen archway.
 10038 | D:11     | Received a gift from Nemelex Xobeh
 10247 | IceCv    | Entered an ice cave
 10250 | IceCv    | Acquired 544 gold pieces
 10625 | IceCv    | Reached XP level 12. HP: 36/105 MP: 8/17
 11373 | IceCv    | HP: 4/105 [polar bear simulacrum (6)]
 11373 | IceCv    | Mangled by a polar bear simulacrum

Illustrated notes

Levels and vault maps discovered:
D:1:      dpeg_arrival_long_road, layout_loops_cross, serial_shops,
          nicolae_shop_temple_entry_statues_fountains,
          dreamdust_ecumenical_altar_drowned_temple, minmay_pentomino_r4
D:2:      layout_loops_cross, serial_shops, shop, basic_altar
D:3:      layout_basic, grunt_temple_overflow_holy_war,
          chequers_serial_rivers_micro_b, minivault_23,
          minmay_misc_feat_hallway, st_stairs_11, uniq_grinder
D:4:      layout_rooms, minmay_box_of_dots, uniq_menkaure
D:5:      layout_loops_corners, nicolae_ashenzari_skybound,
          mainiacjoe_overflow_six_doors_small, corexii_checkpoint_a
D:6:      layout_loops_ring, mainiacjoe_overflow_alcove_2,
          mainiacjoe_overflow_surrounded_room, kennysheep_cross_room
D:7:      layout_basic, minmay_temple_entry_hall, enter_bailey_8
D:8:      gammafunk_steamed_eel, layout_basic, nicolae_elyvilon_peaceful_grove,
          grunt_lair_entry_orc_guard_hut, minivault_14, serial_bayou_pond_e,
          uniq_psyche
D:9:      layout_irregular_city, minmay_overflow_temple_star_quad,
          corexii_corridor_pit
D:10:     layout_loops_ring, grunt_temple_overflow_gold_and_silver,
          amcnicky_altar_gilded, nicolae_shop_sticking_my_neck_out, uniq_urug,
          uniq_joseph
D:11:     evilmike_library_of_no_secrets, layout_basic
D:12:     layout_cross, orc_0_dummy, portal_ice_cave_entry_ice_simulacra,
          kb_lookout_dungeons_type, okawaru_altar_gauntlet_db
IceCv:    ice_cave_small_demon

Skill      XL: |  1  2  3  4  5  6  7  8  9 10 11 12 |
---------------+-------------------------------------+-----
Armour         | 4 5 6 7 8 10 | 10.3
Shields        | 4 5 6 |  6.1
Axes           | 3 6 |  6.5
Fighting       | 4 5 6 7 8 9 |  9.6
Invocations    | 2 3 4 5 6 7 9 |  9.3
Dodging        | 1 2 3 |  3.3
Maces & Flails | 3 5 7 9 10 11 | 11.5
Evocations     | 1 2 3 |  3.0
Throwing       | 2 3 |  3.5
Polearms       | 5 |  5.5
Stealth        | 1 |  1.0

Action                     |  1- 3 |  4- 6 |  7- 9 | 10-12 || total
---------------------------+-------+-------+-------+-------++-------
  Melee: War axe           |    68 |    20 |       |       ||    88
         Headbutt          |     7 |    13 |    47 |   101 ||   168
         Mace              |       |    68 |   234 |       ||   302
         Battleaxe         |       |       |    20 |    38 ||    58
         Flail             |       |       |       |   327 ||   327
         Demon trident     |       |       |       |    88 ||    88
         Whip              |       |       |       |    16 ||    16
  Throw: Boomerang         |       |       |    12 |    40 ||    52
         Dart              |       |       |     9 |       ||     9
 Invoke: Draw Destruction  |     2 |     2 |     7 |    16 ||    27
         Draw Summoning    |       |       |     5 |     6 ||    11
         Stack Five        |       |       |     1 |       ||     1
         Deal Four         |       |       |       |     1 ||     1
    Use: Potion            |       |       |       |     2 ||     2
         Scroll            |       |       |       |     1 ||     1
 Armour: Scale mail        |    28 |    27 |       |       ||    55
         Chain mail        |       |    10 |    77 |       ||    87
         Plate armour      |       |       |    12 |   201 ||   213
  Dodge: Dodged            |    33 |    51 |    54 |   112 ||   250
  Block: Buckler           |    12 |    44 |    96 |    84 ||   236
         Reflection        |       |     2 |     2 |     5 ||     9
         Other             |       |       |     6 |     9 ||    15
         Kite shield       |       |       |       |    94 ||    94
